 Dungeon Crawl Stone Soup version 0.24-a0-347-g1a3e1d35ff (webtiles) character file.

Game seed: 1131830699382329354

93 Gumption the Grave Robber (level 4, -3/30 HPs)
             Began as a Human Necromancer on May 23, 2019.
             Killed from afar by Sigmund (9 damage)
             ... with a puff of flame
             ... on level 2 of the Dungeon.
             The game lasted 00:21:58 (3329 turns).

Gumption the Grave Robber (Human Necromancer)       Turns: 3329, Time: 00:21:58

Health: -3/30      AC:  2    Str:  9    XL:     4   Next: 92%
Magic:  7/7        EV: 13    Int: 16    God:
Gold:   89         SH:  0    Dex: 13    Spells: 3/8 levels left

rFire    . . .     SeeInvis .   b - +0 hunting sling
rCold    . . .     Gourm    .   (no shield)
rNeg     . . .     Faith    .   c - +0 robe
rPois    .         Spirit   .   (no helmet)
rElec    .         Reflect  .   (no cloak)
rCorr    .         Harm     .   (no gloves)
MR       .....                  (no boots)
Stlth    +.........             (no amulet)
HPRegen  0.10/turn              (no ring)
MPRegen  0.10/turn              (no ring)

@: confused
A: no striking features
a: no special abilities


You were on level 2 of the Dungeon.
You were very hungry.

You visited 1 branch of the dungeon, and saw 2 of its levels.

You collected 89 gold pieces.

Inventory:

Hand Weapons
 a - a +0 dagger
 b - a +0 hunting sling (weapon)
 o - a +0 hunting sling
Missiles
 f - 41 sling bullets (quivered)
 r - 18 stones
Armour
 c - a +0 robe (worn)
Jewellery
 d - an uncursed ring of protection from fire {unknown}
Scrolls
 g - a scroll of fog {unknown}
 h - a scroll of random uselessness {unknown}
 i - 5 scrolls of identify {unknown}
 j - a scroll of fear {unknown}
 l - a scroll of teleportation {unknown}
 p - a scroll of remove curse {unknown}
Potions
 k - a potion of mutation {unknown}
 n - a potion of invisibility {unknown}
 q - a potion of heal wounds {unknown}
Comestibles
 e - a ration


   Skills:
 + Level 2.6 Dodging
 + Level 2.8 Stealth
 + Level 2.6 Spellcasting
 * Level 4.8 Necromancy


You had 3 spell levels left.
You knew the following spells:

 Your Spells              Type           Power        Failure   Level  Hunger
a - Pain                  Necr           ###.         2%          1    #......
b - Animate Skeleton      Necr           N/A          2%          1    #......
c - Vampiric Draining     Necr           ###.......   8%          3    ###....

Your spell library contained the following spells:

 Spells                   Type           Power        Failure   Level  Hunger
 Regeneration             Chrm/Necr      #.........   22%         3    ###....
 Animate Dead             Necr           N/A          26%         4    #####..


Dungeon Overview and Level Annotations

Branches:
Dungeon (2/15)

Altars:
Cheibriados
Gozag
Xom

Annotations:
D:2 Sigmund


Message History

Press: ? - help, Shift-Dir - straight line, f/p - Sigmund
Aim: Sigmund, wielding a +0 scythe, wearing a +0 robe and carrying a wand of flame (12) (lightly wounded)
You shoot a sling bullet.
The sling bullet closely misses Sigmund.
Sigmund zaps a wand.
The puff of flame hits you!
* * * LOW HITPOINT WARNING * * *
Sigmund points at you and mumbles some strange words.
You are confused.
Sigmund casts a spell at you.
You are more confused.
You bump into the rock wall.
Sigmund mumbles some strange words.
Sigmund flickers and vanishes!
Deactivating autopickup; reactivate with Ctrl-A.
Something tries to affect you, but you resist.
You bump into the rock wall.
You hear a zap.
A puff of flame appears from out of thin air!
The puff of flame hits you!
You die...

##########.####### .# #.##.....
#### .# #.##.###. ...##### ###
.## ##.##.# #. ....[..# #..
..###.%.#.# #. ##.###.# #.#
..##......###. ##.....# #.#
..###.(.#..... ##)###.#
#.###.###.{............ ##...#.#
#.....@...#####.#####.. ##.#.#.#
#####.##### #.# ### .......# #.#
##'## # ####.### #.# ##...## ##
####.# #####.# ##.....####.
#.##.# #...#.######..@....##.#
...#.######...................##.
..<.................'.........+..
...#.#######<._..._.#.........###


There were no monsters in sight!

Vanquished Creatures
  3 adders (D:2)
  An ooze (D:1)
  A dart slug (D:1)
  A ball python (D:1)
  4 giant cockroaches
  4 goblins
  4 hobgoblins
  9 jackals
  11 kobolds
  3 bats
  2 frilled lizards (D:2)
  5 rats (D:1)
48 creatures vanquished.

Vanquished Creatures (collateral kills)
  An ooze (D:1)
  A dart slug (D:1)
  A giant cockroach (D:1)
  A goblin (D:1)
  2 bats (D:1)
  2 frilled lizards (D:1)
  A rat (D:1)
9 creatures vanquished.

Grand Total: 57 creatures vanquished

Notes
Turn   | Place    | Note
-------+----------+-------------------------------------------
     0 | D:1      | Gumption the Human Necromancer began the quest for the Orb.
     0 | D:1      | Reached XP level 1. HP: 13/13 MP: 3/3
    80 | D:1      | Reached XP level 2. HP: 16/19 MP: 0/5
   133 | D:1      | Learned a level 1 spell: Animate Skeleton
   394 | D:1      | Reached XP level 3. HP: 17/24 MP: 4/6
   473 | D:1      | You fall into a shaft and drop 1 floor!
  1608 | D:1      | Reached XP level 4. HP: 15/30 MP: 0/7
  1827 | D:2      | Found an opulent altar of Gozag.
  1827 | D:2      | Found a shimmering altar of Xom.
  1827 | D:2      | Found a snail-covered altar of Cheibriados.
  1827 | D:2      | Noticed Sigmund
  2099 | D:2      | Learned a level 3 spell: Vampiric Draining
  3329 | D:2      | Killed from afar by Sigmund

Levels and vault maps discovered:
D:1:      erik_arrival_gehennom, layout_rooms, minmay_close_crescents
D:2:      layout_loops_corners, grunt_temple_overflow_open, uniq_sigmund

Action                   |  1- 3 |  4- 6 || total
-------------------------+-------+-------++-------
Melee: Dagger            |    54 |    11 ||    65
 Fire: Hunting sling     |       |     4 ||     4
 Cast: Pain              |    45 |    33 ||    78
       Animate Skeleton  |    14 |     5 ||    19
 Stab: Sleeping          |     1 |       ||     1
  Eat: Chunk             |     3 |     4 ||     7
Armor: Robe              |    17 |     6 ||    23
Dodge: Dodged            |    61 |    18 ||    79

Table legend:
 A = Non-vault XP
 B = Vault XP
 C = Vault XP percentage of total XP
 D = Non-vault monster count
 E = Vault monster count
 F = Vault count percentage of total count
                 A         B        C        D         E       F
            +---------+---------+-------+---------+---------+-------
      Total |     111 |      23 |  17.2 |      47 |      10 |  17.5
            +---------+---------+-------+---------+---------+-------
        D:1 |      37 |      23 |  38.3 |      24 |      10 |  29.4
        D:2 |      74 |       0 |   0.0 |      23 |       0 |   0.0
            +---------+---------+-------+---------+---------+-------
